Workbook

Sheet Working
A1: Account Schedules
A2: 1.Cash | E2: 5.Property Plant and Equipement | H2: 10.Common stock
A3: Balance | B3: 479 | E3: Property Plant and Equipement | F3: 1397 | H3: Balance | I3: 356
A4: Credit sales collection | B4: 3218 | E4: Additional Purchase | F4: 339 | H4: Additional Sale | I4: 34
A5: Long term debt | B5: 18 | E5: Depreciation | F5: =-(462+105) -> -567 | I5: =SUM(I3:I4) -> 390
A6: Common stock | B6: 34 | F6: =SUM(F3:F5) -> 1169
A7: Dividend | B7: -29 | H7: 11.Long term Debt
A8: Prepaid exp | B8: -10 | E8: 6.Account Payable | H8: Balance | I8: 143
A9: Accounts payable | B9: -2682 | E9: Balance | F9: 249 | H9: Additional | I9: 18
A10: Property plant | B10: -339 | E10: Cost of Good Sold | F10: 1583 | I10: =SUM(I8:I9) -> 161
A11: Accured tax | B11: -179 | E11: Operating Expenses | F11: =1291-105-70-15 -> 1101
B12: =SUM(B3:B11) -> 510 | E12: Paid Operating Expenses | F12: -2682
F13: =SUM(F9:F12) -> 251
A14: 2.Account Receivable
A15: Balance | B15: 590 | E15: 7.Accured Tax
A16: Credit sales | B16: 3253 | E16: Balance | F16: 132
A17: Collections | B17: -3218 | E17: Provision | F17: 134
B18: =SUM(B15:B17) -> 625 | E18: Paid | F18: -179
F19: =SUM(F16:F18) -> 87
A20: 3.Inventories
A21: Bal Inventories | B21: 511 | E21: 8.Other current Liabilities
A22: Decrease in Inventory | B22: -15 | E22: Balance | F22: 280
B23: =SUM(B21:B22) -> 496 | E23: Increase | F23: 70
F24: =SUM(F22:F23) -> 350
A25: 4.Prepaid Expenses
A26: Prepaid expenses | B26: 30 | E26: 9 Retained Earnings
A27: Increase in Prepaid Expenses | B27: 10 | E27: Balance | F27: 1385
B28: =SUM(B26:B27) -> 40 | E28: Profit after Tax | F28: 245
E29: Dividend | F29: -29
F30: =SUM(F27:F29) -> 1601

Sheet Budgeted Balance Sheet
A1: TINS Electronic Inc
A2: Budgeted Balance Sheet
A3: For The year Ended 12/31/2020
A4: (In Millions)
A5: Assets
A6: Current Assets
A7: Cash | B7: =Working!B12 -> 510
A8: Account Receivable | B8: =Working!B18 -> 625
A9: Inventories | B9: =Working!B23 -> 496
A10: Prepaid Expenses | B10: =Working!B28 -> 40
A11: Total Current Assets | B11: =SUM(B7:B10) -> 1671
A13: Fixed Assets
A14: Property,Plant & Equipment | B14: =SUM(Working!F3:F4) -> 1736
A15: Less Accumilated depreciation | B15: =Working!F5 -> -567
A16: Total Fixed Asset | B16: =SUM(B14:B15) -> 1169
A17: Total Assets | B17: =B11+B16 -> 2840
A19: Liabilities $ Equity
A20: Current liabilities
A21: Account Payables | B21: =Working!F13 -> 251
A22: Accrued Income Taxes | B22: =Working!F19 -> 87
A23: Other Accrued Liabilities | B23: =Working!F24 -> 350
A24: Total Current Liabilities | B24: =SUM(B21:B23) -> 688
A25: Long Term Debt and Equity
A26: Long Term Debt | B26: =Working!I10 -> 161
A27: Total liabilities | B27: =B24+B26 -> 849
A29: Shareholders Equity
A30: Common Stock | B30: =Working!I5 -> 390
A31: Retained Earnings | B31: =Working!F30 -> 1601
A32: Total Shareholder Equity | B32: =SUM(B30:B31) -> 1991
A33: Total Liabilities and Equity | B33: =B27+B32 -> 2840
A35: Check | B35: =B17=B33 -> TRUE
